 Dungeon Crawl Stone Soup version 0.30-a0-509-gd016549fea (webtiles) character file.

Game seed: 4482886706383770608

261 IdlyInterested the Slasher (level 5, -3/41 HPs)
             Began as a Demonspawn Gladiator on Dec 22, 2022.
             Slain by Crazy Yiuf
             ... wielding a +4 quarterstaff of chaos
              (14 damage)
             ... on level 2 of the Dungeon.
             The game lasted 00:05:46 (1828 turns).

IdlyInterested the Slasher (Demonspawn Gladiator)   Turns: 1828, Time: 00:05:46

Health: -3/41      AC:  5    Str: 14    XL:     5   Next: 96%
Magic:  5/5        EV: 12    Int:  9    God:
Gold:   145        SH:  0    Dex: 17    Spells: 4/4 levels left

rFire   + . .      SeeInvis .    a - +0 long sword
rCold   . . .      Faith    .    (no shield)
rNeg    . . .      Spirit   .    b - +0 leather armour
rPois   .          Reflect  .    c - +0 helmet
rElec   .          Harm     .    l - +0 cloak
rCorr   .          Rampage  .    (no gloves)
Will    +....                    (no boots)
Stlth   ++........               r - amulet of magic regeneration
HPRegen 0.26/turn                f - ring of willpower
MPRegen 0.58/turn                o - ring of protection from fire

@: no status effects
A: demonic guardian 1, magic regeneration
a: no special abilities


You were on level 2 of the Dungeon.
You visited 1 branch of the dungeon, and saw 2 of its levels.

You collected 145 gold pieces.

Inventory:

Hand Weapons
 a - a +0 long sword (weapon)
 i - a +0 dagger
 k - a +0 short sword
 t - a +0 long sword
Missiles
 d - a throwing net
 e - a javelin
 h - 31 stones (quivered)
 n - 4 boomerangs
Armour
 b - a +0 leather armour (worn)
 c - a +0 helmet (worn)
 j - a +0 plate armour
 l - a +0 cloak (worn)
 q - a +0 robe
Jewellery
 f - a ring of willpower (left hand)
 o - a ring of protection from fire (right hand)
 r - an amulet of magic regeneration (around neck)
Scrolls
 m - 3 scrolls of identify
 p - 3 scrolls of teleportation
Potions
 g - a potion of brilliance {unknown}


   Skills:
 - Level 3.0 Fighting
 + Level 5.3 Long Blades
 - Level 1.7 Throwing
 - Level 3.0 Dodging
 * Level 1.6 Stealth


You had 4 spell levels left.
You didn't know any spells.
Your spell library contained the following spells:

 Spells                   Type           Power      Damage    Failure   Level
 Conjure Ball Lightning   Conj/Air       0%         3x3d6     100%        6
 Discord                  Hex            0%         N/A       100%        8
 Disjunction              Tloc           0%         N/A       100%        8


Dungeon Overview and Level Annotations

Branches:
Dungeon (2/15)

Altars:

Shops:
D:2 [(:!

Annotations:
D:2 Crazy Yiuf


Innate Abilities, Weirdness & Mutations

A weak demonic guardian rushes to your aid.
You regenerate magic rapidly.


Message History

h - 31 stones (gained 5)
Things that are here:
a +0 whip; a kobold corpse
m - 3 scrolls of identify (gained 1)
You see here 4 boomerangs.
n - 4 boomerangs You see here a hobgoblin skeleton.
There is an entrance to Limas's Book Emporium here.
A kobold comes into view. It is wielding a +0 short sword.
The kobold closely misses you.
You hit the kobold.
You kill the kobold!
You see here a +0 short sword.
A giant cockroach comes into view.
You closely miss the giant cockroach. The giant cockroach barely misses you.
The giant cockroach bites you.
You hit the giant cockroach.
You kill the giant cockroach!
A giant cockroach comes into view.
You slash the giant cockroach!
You kill the giant cockroach!
You see here a +0 short sword.
Found a hammer.
Found a runed translucent door.
Crazy Yiuf shouts!
Crazy Yiuf cries, "Cod canine shrimp!"
You open the door. You barely miss Crazy Yiuf. Crazy Yiuf misses you.
You slash Crazy Yiuf!
Crazy Yiuf is moderately wounded.
Crazy Yiuf closely misses you.
You slash Crazy Yiuf!
Crazy Yiuf is almost dead.
Crazy Yiuf hits you with a +4 quarterstaff of chaos.
Space warps horribly around you!
You hit Crazy Yiuf.
Crazy Yiuf is almost dead.
Crazy Yiuf hits you with a +4 quarterstaff of chaos!
* * * LOW HITPOINT WARNING * * *
You convulse!
You die...

...................#
...........#########
...#.##..###
...#.##..### #####
.).#.##....# #)..#
........##.# #...#
####.#.....# *...*
#....∩..# *#g#*
#..#....# ♣@♣♣
#.##....# ♣♣.♣
####....# ♣.♣♣
#....# ♣♣.♣ #....#
♣♣.♣♣ ###.## ♣♣...♣
#.# ♣..♣.♣ #.#
#+..+# #.#####....#


You could see Crazy Yiuf.

Vanquished Creatures
  Sigmund (D:2)
  A scorpion (D:1)
  A worm (D:2)
  A dart slug (D:1)
  4 ball pythons
  4 endoplasms
  6 giant cockroaches
  2 hobgoblins (D:2)
  4 jackals (D:2)
  3 quokkas (D:1)
  2 bats
  A frilled lizard (D:2)
  7 kobolds
  5 rats
42 creatures vanquished.

Vanquished Creatures (collateral kills)
  A hobgoblin (D:2)
  A quokka (D:2)
  A bat (D:2)
3 creatures vanquished.

Grand Total: 45 creatures vanquished

Notes
Turn   | Place    | Note
-------+----------+-------------------------------------------
     0 | D:1      | IdlyInterested the Demonspawn Gladiator began the quest for
                  | the Orb.
     0 | D:1      | Reached XP level 1. HP: 16/16 MP: 1/1
   164 | D:1      | Reached skill level 3 in Long Blades
   195 | D:1      | Gained mutation: A weak demonic guardian rushes to your
                  | aid. [demonic ancestry]
   195 | D:1      | Reached XP level 2. HP: 22/22 MP: 2/2
   579 | D:1      | Found a faded altar of an unknown god.
   956 | D:2      | Noticed Sigmund
   956 | D:2      | Noticed a scorpion
  1017 | D:1      | Killed a scorpion
  1018 | D:1      | Reached skill level 4 in Long Blades
  1018 | D:1      | Reached XP level 3. HP: 3/28 MP: 3/3
  1018 | D:1      | Gained mutation: You regenerate magic rapidly. [demonic
                  | ancestry]
  1018 | D:1      | Reached XP level 4. HP: 4/34 MP: 4/4
  1339 | D:2      | Found Limas's Book Emporium.
  1400 | D:2      | Found Hain's Antique Armour Boutique.
  1438 | D:2      | Found Esaid's Weapon Boutique.
  1481 | D:2      | Killed Sigmund
  1482 | D:2      | Reached skill level 5 in Long Blades
  1482 | D:2      | Reached skill level 1 in Stealth
  1482 | D:2      | Reached XP level 5. HP: 28/41 MP: 5/5
  1576 | D:2      | Found Woala's Distillery.
  1820 | D:2      | Found a runed translucent door.
  1821 | D:2      | Noticed Crazy Yiuf
  1828 | D:2      | Slain by Crazy Yiuf

Illustrated notes

Levels and vault maps discovered:
D:1:      scummos_arrival_gate, layout_basic,
          shapermc_ecumenical_altar_mp_vishouse
D:2:      layout_rooms, serial_shops, shop_coins, shop, shop, shop,
          minmay_worlds_worst_comb, uniq_sigmund, uniq_crazy_yiuf_cottage

Skill      XL: |  1  2  3  4 |
---------------+-------------+-----
Long Blades    | 3 4 5 |  5.3
Dodging        | 3 |  3.0
Fighting       | 3 |  3.0
Stealth        | 1 |  1.6
Throwing       | |  1.7

Action                   |  1- 3 |  4- 6 || total
-------------------------+-------+-------++-------
Melee: Long sword        |    55 |    82 ||   137
       Dagger            |       |     8 ||     8
Throw: Throwing net      |       |     3 ||     3
  Use: Potion            |     1 |       ||     1
       Scroll            |       |     4 ||     4
 Stab: Held in net/web   |       |     2 ||     2
       Sleeping          |       |     1 ||     1
Armor: Leather armour    |    17 |    47 ||    64
Dodge: Dodged            |    43 |    84 ||   127

Table legend: (Time is in decaauts)
 A = Elapsed time spent in this place.
 B = Non-inter-level travel time spent in this place.
 C = Inter-level travel time spent in this place.
 D = Time resting spent in this place.
 E = Time spent auto-exploring this place.
 F = Levels seen in this place.
 G = Mean time per level.
                   A        B        C        D        E       F      G
               +--------+--------+--------+--------+--------+-----+--------+
         Total |   1853 |   1718 |    135 |    271 |    875 |   2 |  926.5 |
       Dungeon |   1853 |   1718 |    135 |    271 |    875 |   2 |  926.5 |
               +--------+--------+--------+--------+--------+-----+--------+

Top non-repeatable levels by time:
     D:1: 1165 daAuts
     D:2: 688 daAuts
